 Dungeon Crawl Stone Soup version 0.20.1-1-g8b1a95d (webtiles) character file.

224 yep the Magician (level 5, -1/45 HPs)
             Began as a Demonspawn Wanderer on Sept 25, 2017.
             Killed by divine providence
             ... invoked by an orc priest
              (11 damage)
             ... on level 2 of the Dungeon.
             The game lasted 00:06:03 (3060 turns).

yep the Magician (Demonspawn Wanderer)              Turns: 3060, Time: 00:06:04

Health: -1/45      AC:  6    Str: 14    XL:     5   Next: 67%
Magic:  12/12      EV: 10    Int: 15    God:
Gold:   159        SH:  0    Dex: 10    Spells: 13/14 levels left

rFire    . . .     SeeInvis .   r - +0 hand axe
rCold    + . .     Gourm    .   (no shield)
rNeg     . . .     Faith    .   m - +0 ring mail {MR+}
rPois    .         Spirit   .   (no helmet)
rElec    .         Reflect  .   (no cloak)
rCorr    .         Harm     .   (no gloves)
MR       +....                  (no boots)
Stlth    +.........             (no amulet)
Regen    0.2/turn               x - ring of wizardry
MPRegen  0.2/turn               (no ring)

@: no status effects
A: rugged brown scales 1, cold resistance 1, spiny 1
a: no special abilities


You were on level 2 of the Dungeon.
You were hungry.

You visited 1 branch of the dungeon, and saw 3 of its levels.

You collected 159 gold pieces.

Inventory:

Hand Weapons
 e - a +0 club
 h - a +0 war axe
 i - a +0 spear
 o - a +0 dagger
 r - a +0 hand axe (weapon)
Armour
 d - a +0 robe
 m - a +0 ring mail of magic resistance (worn)
Jewellery
 x - a ring of wizardry (left hand)
Wands
 w - a wand of disintegration (12/24)
Scrolls
 g - 5 scrolls of identify {unknown}
 k - a scroll of magic mapping {unknown}
 n - 2 scrolls of remove curse {unknown}
 p - a scroll of immolation {unknown}
 q - a scroll of random uselessness {unknown}
 s - a scroll of teleportation {unknown}
 u - a scroll of fog {unknown}
 v - a scroll of enchant armour {unknown}
Potions
 t - a potion of resistance
Books
 a - a book of Maledictions

   Spells                             Type                      Level
   a - Corona                         Hexes                        1
   b - Ensorcelled Hibernation        Hexes/Ice                    2
   c - Confuse                        Hexes                        3
   d - Tukima's Dance                 Hexes                        3
   e - Dazzling Spray                 Conjuration/Hexes            3
 b - Oliss's Compendium of the Snowflakes

   Spells                             Type                      Level
   a - Freeze                         Ice                          1
   b - Ozocubu's Armour               Charms/Ice                   3
 c - the Reference Book on Feathers

   Spells                             Type                      Level
   a - Swiftness                      Charms/Air                   2
   b - Poisonous Vapours              Poison/Air                   2
Comestibles
 f - 2 bread rations
 j - 4 royal jellies
 l - 3 fruits


   Skills:
 + Level 5.0 Fighting
 * Level 1.5 Axes
 + Level 0.6 Armour
 - Level 1.0 Stealth
   Level 1.0 Shields
 - Level 5.0 Spellcasting
   Level 2.0 Hexes
   Level 1.0 Translocations


You had 13 spell levels left.
You knew the following spells:

 Your Spells              Type           Power        Failure   Level  Hunger
a - Freeze                Ice            #...         13%         1    None


Dungeon Overview and Level Annotations

Branches:
Dungeon (3/15)

Altars:
Sif Muna


Innate Abilities, Weirdness & Mutations

You are partially covered in rugged brown scales. (AC +1, +3% HP)
Your flesh is cold resistant. (rC+)
You are partially covered in sharp spines.


Message History

The orc priest is moderately wounded.
The orc priest hits you with a trident.
You closely miss the orc priest.
The orc priest is moderately wounded.
The orc priest closely misses you.
You barely miss the orc priest.
The orc priest is moderately wounded.
The orc priest hits you but does no damage.
You closely miss the orc priest.
The orc priest is moderately wounded.
The orc priest hits you but does no damage.
You hit the orc priest.
The orc priest is moderately wounded.
The orc priest hits you with a trident.
* * * LOW HITPOINT WARNING * * *
You hit the orc priest.
The orc priest is heavily wounded.
The orc priest mumbles some strange prayers to Beogh against you.
Beogh smites you!
You die...

#.#.#......###.#..# #.
..#.#......###.#..#
#####.
....'...[.......).####
#.....
#####.....#####......#
#.#### #.....#
#...##.# #...##
####### #..###.#
###.## ##.....# #.##
#o##### #... #@# ####
###


You could see an orc priest.

Vanquished Creatures
  2 orc wizards (D:3)
  Natasha (twice) (D:3)
  6 adders
  2 oozes
  2 dart slugs (D:1)
  5 orcs
  A ball python (D:1)
  A giant cockroach (D:1)
  5 goblins
  8 hobgoblins
  3 jackals (D:3)
  A quokka (D:3)
  5 bats
  2 frilled lizards (D:3)
  4 kobolds
  5 rats
54 creatures vanquished.

Notes
Turn   | Place    | Note
-------+----------+-------------------------------------------
     0 | D:1      | yep the Demonspawn Wanderer began the quest for the Orb.
     0 | D:1      | yep set off with: a book of Maledictions, Oliss's Compendium of the Snowflakes, the Reference Book on Feathers, a +0 robe, a +0 club, a bread ration
     0 | D:1      | Reached XP level 1. HP: 13/13 MP: 6/6
     0 | D:1      | Identified Oliss's Compendium of the Snowflakes
     0 | D:1      | Identified the Reference Book on Feathers
     2 | D:1      | Learned a level 1 spell: Freeze
   452 | D:1      | Reached skill level 1 in Fighting
   641 | D:1      | Gained mutation: You are partially covered in sharp spines. [demonic ancestry]
   641 | D:1      | Reached XP level 2. HP: 19/22 MP: 5/8
  1075 | D:2      | Gained mutation: Your flesh is cold resistant. (rC+) [demonic ancestry]
  1075 | D:2      | Reached XP level 3. HP: 27/28 MP: 5/9
  1473 | D:2      | Found a deep blue altar of Sif Muna.
  1813 | D:3      | Reached XP level 4. HP: 30/36 MP: 11/11
  2094 | D:3      | Gained mutation: You are partially covered in rugged brown scales. (AC +1, +3% HP) [demonic ancestry]
  2094 | D:3      | Reached XP level 5. HP: 33/44 MP: 12/12
  2396 | D:3      | Noticed Natasha
  2407 | D:3      | Killed Natasha
  2441 | D:3      | Noticed Natasha
  2449 | D:3      | HP: 2/44 [shadow imp[Natasha] (4)]
  2450 | D:3      | Killed Natasha
  2450 | D:3      | Reached skill level 1 in Axes
  2779 | D:3      | Reached skill level 5 in Fighting
  3060 | D:2      | Killed from afar by an orc priest

Skill      XL: |  1  2  3  4  5 |
---------------+----------------+-----
Fighting       | 1 2 3 4 5 |  5.0
Axes           | 1 |  1.5
Armour         | |  0.6
Stealth        | |  1.0
Shields        | |  1.0
Spellcasting   | |  5.0
Hexes          | |  2.0
Translocations | |  1.0

Action                   |  1- 3 |  4- 6 || total
-------------------------+-------+-------++-------
Melee: Club              |    12 |       ||    12
       Dagger            |    38 |    93 ||   131
       Hand axe          |       |    11 ||    11
 Cast: Freeze            |    34 |     2 ||    36
  Use: Potion            |     1 |     4 ||     5
  Eat: Chunk             |     2 |     4 ||     6
Armor: Robe              |     6 |       ||     6
       Ring mail         |    19 |    34 ||    53
       Skin              |       |    16 ||    16
Dodge: Dodged            |    47 |    44 ||    91
